 Dungeon Crawl Stone Soup version 0.19.3-4-gbf9329e (webtiles) character file.

119221 Jerry the Swashbuckler (level 16, -1/77 HPs)
             Began as a Vine Stalker Berserker on Jan 26, 2017.
             Was a High Priest of Trog.
             Killed from afar by a merfolk aquamancer (24 damage)
             ... with a shard of ice
             ... on level 3 of the Shoals.
             The game lasted 01:47:15 (23802 turns).

Jerry the Swashbuckler (Vine Stalker Berserker)    Turns: 23802, Time: 01:47:16

Health: -1/77      AC: 25    Str: 21    XL:     16   Next: 79%
Magic:  0/17       EV: 17    Int:  7    God:    Trog [*****.]
Gold:   2321       SH:  0    Dex: 20    Spells: 0 memorised, 15 levels left

rFire  + . .     SeeInvis .     S - +7 quick blade (pierce)
rCold  . . .     Gourm    +     y - +2 chain mail {rF+}
rNeg   . . .     Faith    .     (no shield)
rPois  .         Spirit   +     P - +1 hat
rElec  +         Reflect  .     M - +1 cloak
rCorr  .         Harm     .     n - +0 pair of gloves (curse)
MR     +++++                    L - +0 pair of boots
Stlth  ..........               J - amulet of the gourmand
                                N - ring of protection from magic
                                R - +4 ring of protection

@: exhausted, flying, very slightly contaminated, regenerating, slowed, very
slow
A: fangs 3, frail 1, regeneration 3, electricity resistance, magic shield,
antimagic bite, no device heal 3, rot immunity, MP-powered wands
a: Berserk, Trog's Hand, Brothers in Arms, Burn Spellbooks, Renounce Religion


You were on level 3 of the Shoals.
You worshipped Trog.
Trog was extremely pleased with you.
You were very full.

You visited 4 branches of the dungeon, and saw 26 of its levels.
You also visited: Ossuary and Volcano.

You collected 2893 gold pieces.
You spent 572 gold pieces at shops.

Inventory:

Hand Weapons
 S - a +7 quick blade of piercing (weapon)
Armour
 n - a cursed +0 pair of gloves (worn)
 y - a +2 chain mail of fire resistance (worn)
 L - a +0 pair of boots (worn)
 M - a +1 cloak (worn)
 P - a +1 hat (worn)
Jewellery
 J - an amulet of the gourmand (around neck)
 N - a ring of protection from magic (right hand)
 R - a +4 ring of protection (left hand)
Wands
 B - a wand of digging (9/24)
 D - a wand of paralysis (9/24)
 T - a wand of slowing (28/48)
Scrolls
 g - 7 scrolls of teleportation
 i - 2 scrolls of recharging
 j - 5 scrolls of fear
 k - 13 scrolls of identify
 m - a scroll of fog
 q - 2 scrolls of immolation
 r - 2 scrolls of torment
 s - 12 scrolls of remove curse
 C - 10 scrolls of enchant armour
 F - 3 scrolls of summoning
 I - a scroll of holy word
 Q - 2 scrolls of enchant weapon
Potions
 b - 3 potions of magic
 d - 2 potions of cure mutation
 e - 3 potions of mutation
 f - 18 potions of curing
 l - a potion of haste
 o - 2 potions of cancellation
 t - 2 potions of agility
 u - 6 potions of lignification
 w - 2 potions of invisibility
 x - 3 potions of might
 z - 4 potions of ambrosia
 A - 3 potions of berserk rage
 G - 8 potions of brilliance
 K - 5 potions of resistance
 Y - 2 potions of flight
Books
 E - a book of Geomancy

   Spells                             Type                      Level
   a - Sandblast                      Earth                        1
   b - Passwall                       Transmutation/Earth          2
   c - Stone Arrow                    Conjuration/Earth            3
   d - Petrify                        Transmutation/Earth          4
   e - Lee's Rapid Deconstruction     Earth                        5
   Trog disapproves of the use of such an item.
 V - a book of Minor Magic

   Spells                             Type                      Level
   a - Magic Dart                     Conjuration                  1
   b - Blink                          Translocation                2
   c - Call Imp                       Summoning                    2
   d - Repel Missiles                 Charms/Air                   2
   e - Slow                           Hexes                        2
   f - Conjure Flame                  Conjuration/Fire             3
   g - Mephitic Cloud                 Conjuration/Poison/Air       3
   Trog disapproves of the use of such an item.
Comestibles
 c - 19 bread rations
 h - 23 fruits
 v - 7 beef jerkies
 H - 2 royal jellies
 O - a slice of pizza
 U - 13 meat rations


   Skills:
 - Level 10.4 Fighting
 + Level 15.4 Short Blades
 + Level 13.2 Armour
 + Level 12.7 Dodging
 + Level 3.5 Stealth


You had 15 spell levels left.
You didn't know any spells.

Dungeon Overview and Level Annotations

Branches:
Dungeon (15/15)            Temple (0/1) D:5            Lair (6/6) D:10
 Shoals (3/4) Lair:2       Spider (0/4) Lair:4        Slime (0/5) Lair:5
    Orc (2/2) D:9             Elf (0/3) Orc:2        Vaults (0/5) D:13
 Depths (0/5) D:15

Altars:
Hepliaklqana
Nemelex Xobeh
Trog
Uskayaw
Vehumet
Jiyva

Shops:
D:7 (   D:8 =   Orc:2 :!(?   Shoals:2 !

Portals:
Pandemonium: Orc:2


Innate Abilities, Weirdness & Mutations

You have razor-sharp teeth.
You regenerate.
When hurt, damage is shared between your health and your magic reserves.
Your bite disrupts and absorbs the magic of your enemies.
Potions and wands cannot restore your health.
You are immune to rotting.
You are frail. (-10% HP)
You are resistant to electric shocks. (rElec)
You expend magic power (3 MP) to strengthen your wands.


Message History

The merfolk hits your troll with a trident!
Your troll closely misses the merfolk.
Your troll claws the merfolk!!
Your troll claws the merfolk!
The merfolk dies!
Trog accepts your kill.
You hear a splash.
The wind drake bites your troll but does no damage.
The merfolk hits you but does no damage.
A tomahawk appears from out of your range of vision.
The tomahawk hits your troll.
You hear a splash.
Your troll bites the wind drake!!
Your troll closely misses the wind drake.
Your troll claws the wind drake!
Your troll barely misses the wind drake.
Your troll closely misses the wind drake.
Your troll claws the wind drake!
The wind drake bites your troll.
The merfolk aquamancer gestures at you while chanting.
The shard of ice hits you!
You die...

≈.###P≈≈≈≈≈≈≈≈≈≈≈≈≈≈≈≈≈
≈≈≈≈P.P≈≈≈≈≈≈≈≈≈≈≈≈≈≈≈≈.
≈≈≈P≈≈PP≈≈≈≈≈≈≈≈≈≈≈≈≈≈..
≈≈≈≈≈≈≈P≈≈≈≈≈≈≈≈≈≈≈.≈...≈
≈≈≈PP≈P≈P≈≈≈≈≈P≈≈≈......≈
≈≈P≈≈P≈P≈≈≈≈≈≈≈≈≈≈...# #m
≈≈≈PP≈≈PP≈≈≈≈≈≈≈.....##.≈
≈≈≈≈P≈≈Pm≈≈≈≈≈≈E.# #..≈≈
≈≈≈P≈P≈≈@≈≈≈≈≈.<### #m§m§
≈≈≈≈≈≈≈P.Tk≈≈m≈..≈###§≈§≈
≈≈≈≈≈≈.....(≈≈≈≈..m.$m§≈≈
≈≈≈≈≈≈..###..≈≈≈..##)≈≈≈≈
≈≈≈≈≈≈≈.# #>≈≈.≈≈.#.≈≈≈≈≈
≈≈≈≈≈≈≈.# #≈≈≈≈≈≈≈≈≈≈≈≈≈.
≈≈≈≈≈≈≈≈...≈≈≈≈≈≈≈.≈≈≈≈.#
≈≈≈≈≈≈≈≈#..≈≈≈≈≈..##..≈.#
≈≈≈≈≈≈.##.≈≈≈≈≈.#####..#


You could see a merfolk aquamancer, a wind drake, a merfolk, a water elemental
and a friendly troll (berserk).

Vanquished Creatures
  Rupert (D:15)
  A frost giant (Shoals:1)
  A war gargoyle (D:14)
  A stone giant (Shoals:1)
  The ghost of Killazer the Grappler, a journeyman TrBe of Trog (Lair:3)
  4 merfolk impalers
  A fire dragon (Lair:6)
  6 hydras
  5 centaur warriors
  3 dancing weapons
  A hell hog (Volcano)
  A satyr (Shoals:2)
  4 orc high priests (Orc:2)
  A vampire mage (D:15)
  Urug (D:9)
  A fire crab (Volcano)
  A sixfirhy (Orc:2)
  A flayed ghost (D:14)
  3 unseen horrors
  10 skeletal warriors
  5 sea snakes
  An infernal demonspawn (Orc:2)
  5 hill giants
  5 orc knights (Orc:2)
  The ghost of Nefinien the Basher, a novice OgBe of Trog (D:9)
  A torturous demonspawn (Orc:2)
  A lindwurm (Lair:6)
  A deep elf mage (D:13)
  A necromancer (D:15)
  8 harpies
  A wolf spider zombie (D:15)
  A frost giant zombie (D:15)
  10 ugly things
  A shining eye (shapeshifter) (D:14)
  9 orc sorcerers
  6 fauns (Shoals:2)
  An oklob plant (Lair:1)
  A stone giant zombie (D:15)
  9 cyclopes
  5 elephants
  2 manticores (Shoals:3)
  2 water nymphs (Shoals:2)
  A gargoyle (D:13)
  An elf zombie (D:15)
  19 spiny frogs
  4 molten gargoyles
  6 black mambas
  2 sirens
  Psyche (D:8)
  An orange demon (Orc:2)
  A hellwing (Orc:2)
  A yaktaur (D:15)
  7 komodo dragons
  A tengu conjurer (D:13)
  8 merfolk
  A polar bear (Lair:3)
  A red devil (Orc:2)
  2 trolls
  5 jumping spiders
  3 wind drakes
  A meliai (shapeshifter) (D:14)
  A hornet (D:15)
  3 two-headed ogres
  9 slime creatures
  6 snapping turtles
  12 hippogriffs
  17 blink frogs
  A spriggan (D:7)
  A vampire (D:14)
  2 wraiths
  2 redbacks (Lair:4)
  5 water elementals
  2 shadows (D:14)
  11 wyverns
  11 fire bats (Volcano)
  A deep troll skeleton (D:15)
  6 basilisks
  26 yaks
  2 chaos spawn (Orc:2)
  2 steam dragons
  7 vampire mosquitoes
  2 hungry ghosts
  A mottled dragon (Lair:6)
  2 wargs (Orc:2)
  7 water moccasins
  3 porcupines
  7 hell hounds
  4 ice beasts
  31 orc warriors
  4 sky beasts
  An eye of draining (D:9)
  A boggart (D:14)
  3 phantoms
  A black bear (Lair:1)
  A necrophage (D:9)
  11 ogres
  10 wolves
  6 centaurs
  11 crocodiles
  Blork the orc (D:4)
  2 big kobolds
  18 bullfrogs
  A gnoll sergeant (D:10)
  4 scorpions
  21 killer bees
  10 wights
  4 howler monkeys
  7 electric eels
  7 crimson imps
  3 centaur zombies
  2 quasits (D:10)
  10 lava snakes
  2 bullfrog zombies
  4 centaur skeletons
  4 hounds
  3 jellies
  23 orc priests
  19 orc wizards
  An iguana (D:5)
  16 worker ants
  A hound zombie (D:10)
  A hound skeleton (D:11)
  8 mummies (Ossuary)
  A worker ant zombie (D:11)
  19 gnolls
  18 adders
  A river rat (D:10)
  3 shadow imps
  An ooze (D:1)
  An adder skeleton (D:7)
  3 adder zombies
  2 worms (D:2)
  A dart slug (D:1)
  5 leopard geckos
  63 orcs
  3 giant cockroaches
  2 gnoll zombies (Ossuary)
  9 hobgoblins
  20 jackals
  12 kobolds
  3 quokkas
  A ball python (D:3)
  11 bats
  6 frilled lizards
  8 goblins
  A hobgoblin zombie (Ossuary)
  A kobold zombie (Ossuary)
  2 leopard gecko skeletons
  4 orc zombies (Ossuary)
  A quokka skeleton (D:9)
  8 rats
  A fungus (Lair:4)
  A plant (Shoals:2)
808 creatures vanquished.

Vanquished Creatures (collateral kills)
  An orc sorcerer (Orc:2)
  A hellwing (Orc:2)
  A merfolk (Shoals:3)
  2 orc warriors (Orc:2)
  2 orc priests (Orc:2)
7 creatures vanquished.

Vanquished Creatures (others)
  9 fungi
  17 plants
  16 tentacles (Shoals:2)
  A withered plant (D:15)
43 creatures vanquished.

Grand Total: 858 creatures vanquished

Notes
Turn   | Place    | Note
-------+----------+-------------------------------------------
     0 | D:1      | Jerry the Vine Stalker Berserker began the quest for the Orb.
     0 | D:1      | Reached XP level 1. HP: 11/11 MP: 2/2
   288 | D:1      | Reached XP level 2. HP: 11/16 MP: 3/3
   455 | D:1      | Reached skill level 3 in Short Blades
  1079 | D:2      | Reached XP level 3. HP: 18/20 MP: 4/4
  1229 | D:2      | Reached ** piety under Trog
  1372 | D:2      | Gained mutation: Your natural rate of healing is unusually fast. [Vine Stalker growth]
  1372 | D:2      | Reached XP level 4. HP: 18/24 MP: 5/5
  2030 | D:3      | Reached XP level 5. HP: 28/28 MP: 6/6
  2036 | D:3      | Reached skill level 4 in Short Blades
  2154 | D:3      | Reached *** piety under Trog
  2446 | D:4      | Reached XP level 6. HP: 28/33 MP: 5/7
  2593 | D:4      | Noticed Blork the orc
  2605 | D:4      | Killed Blork the orc
  2856 | D:5      | Entered Level 5 of the Dungeon
  3014 | D:5      | Reached skill level 5 in Short Blades
  3121 | D:5      | Reached XP level 7. HP: 27/37 MP: 8/8
  3166 | D:5      | Found a staircase to the Ecumenical Temple.
  3370 | D:5      | Gained mutation: You expend magic power (3 MP) to strengthen your wands. [mutagenic meat]
  3371 | D:5      | Gained mutation: You are resistant to electric shocks. (rElec) [mutagenic meat]
  3372 | D:5      | Gained mutation: You heal very quickly. [mutagenic meat]
  3379 | D:5      | Found a bloodstained altar of Trog.
  3679 | D:6      | Gained mutation: You have razor-sharp teeth. [Vine Stalker growth]
  3679 | D:6      | Reached XP level 8. HP: 37/42 MP: 9/9
  3687 | D:6      | Reached skill level 6 in Short Blades
  3748 | D:6      | Reached **** piety under Trog
  3815 | D:6      | Reached skill level 5 in Fighting
  3916 | D:6      | Found a sand-covered staircase.
  3936 | Ossuary  | Entered an ossuary
  4129 | Ossuary  | Reached skill level 7 in Short Blades
  4858 | D:6      | Noticed a hippogriff
  4865 | D:6      | Killed a hippogriff
  4865 | D:6      | Reached XP level 9. HP: 47/47 MP: 8/10
  5042 | D:7      | Found Waaly's Antique Weapon Boutique.
  5043 | D:7      | Found a hazy altar of Hepliaklqana.
  5153 | D:7      | Reached skill level 8 in Short Blades
  5194 | D:7      | Identified a scroll of acquirement
  5195 | D:7      | Got a crude short sword
  5196 | D:7      | Identified the +5 short sword of the Median {pierce, rC- Str+2 Int+4} (You acquired it on level 7 of the Dungeon)
  5264 | D:7      | Reached skill level 5 in Armour
  5747 | D:8      | Found Naryser's Jewellery Boutique.
  6065 | D:8      | Noticed Psyche
  6070 | D:8      | Killed Psyche
  6070 | D:8      | Reached ***** piety under Trog
  6070 | D:8      | Reached skill level 5 in Dodging
  6070 | D:8      | Reached XP level 10. HP: 53/53 MP: 11/11
  6237 | D:8      | Reached skill level 9 in Short Blades
  6248 | D:8      | Found a radiant altar of Vehumet.
  6829 | D:9      | Received a gift from Trog
  7236 | D:9      | Noticed Nefinien's ghost (novice OgBe)
  7334 | D:9      | Found a staircase to the Orcish Mines.
  7701 | D:9      | Killed Nefinien's ghost
  7701 | D:9      | Reached skill level 10 in Short Blades
  7821 | D:10     | Entered Level 10 of the Dungeon
  7882 | D:10     | Reached XP level 11. HP: 58/58 MP: 12/12
  7919 | D:10     | Found a sparkling altar of Nemelex Xobeh.
  8061 | D:10     | Found a staircase to the Lair.
  8943 | D:11     | Got an encrusted leather armour
  8957 | D:11     | Received a gift from Trog
  9026 | D:11     | Noticed a five-headed hydra
  9041 | D:11     | Killed a five-headed hydra
  9094 | D:11     | Identified the +1 leather armour "Weudeghi" {MR+ Str+4 Dex+5} (You found it on level 11 of the Dungeon)
  9220 | D:11     | Noticed a hill giant
  9229 | D:11     | Killed a hill giant
  9723 | D:12     | Noticed a cyclops
  9732 | D:12     | Killed a cyclops
  9856 | D:12     | Reached skill level 11 in Short Blades
  9863 | D:12     | Noticed a cyclops
  9880 | D:12     | Killed a cyclops
 10219 | D:13     | Noticed an enchanted long sword
 10233 | D:13     | Killed an enchanted long sword
 10233 | D:13     | Gained mutation: You regenerate. [Vine Stalker growth]
 10233 | D:13     | Reached XP level 12. HP: 65/65 MP: 13/13
 10351 | D:13     | Found a gate to the Vaults.
 10351 | D:13     | Noticed a centaur warrior
 10378 | D:13     | Killed a centaur warrior
 10768 | D:13     | Received a gift from Trog
 10793 | D:13     | Noticed a centaur warrior
 10804 | D:13     | Killed a centaur warrior
 11020 | D:13     | Got a warped scale mail
 11031 | D:13     | Identified the cursed +1 scale mail "Muona" {rCorr} (You found it on level 13 of the Dungeon)
 11152 | D:13     | Reached skill level 12 in Short Blades
 11152 | D:13     | Reached XP level 13. HP: 53/70 MP: 14/14
 11503 | D:14     | Found a runed door.
 11621 | D:14     | Identified the Grimoire of Curses and the Voyage
 11895 | D:14     | Noticed a war gargoyle
 11984 | D:14     | Gained mutation: You are frail. (-10% HP) [a shining eye]
 12019 | D:14     | Reached skill level 10 in Fighting
 12029 | D:14     | Identified the Incunabulum of Icy Enchantment
 12031 | D:14     | Identified the Tome of Supportive Ignition
 12033 | D:14     | Identified the Guide on Malediction and Confrontation
 12036 | D:14     | Identified Sif Muna's Guide on Sinister Rituals and Orientation
 12105 | D:14     | Killed a war gargoyle
 12185 | D:15     | Entered Level 15 of the Dungeon
 12547 | D:15     | Received a gift from Trog
 12577 | D:15     | Reached skill level 10 in Armour
 12577 | D:15     | Reached XP level 14. HP: 68/69 MP: 15/15
 12578 | D:15     | Found a staircase to the Depths.
 12589 | D:15     | Noticed Rupert
 12713 | D:15     | Reached skill level 13 in Short Blades
 12782 | D:15     | Reached skill level 10 in Dodging
 12909 | D:15     | Killed Rupert
 12967 | D:15     | Received a gift from Trog
 13302 | Lair:1   | Entered Level 1 of the Lair of Beasts
 13369 | Lair:1   | Found a hide-covered altar of Uskayaw.
 14398 | Lair:2   | Found a staircase to the Shoals.
 15153 | Lair:3   | Noticed Killazer's ghost (journeyman TrBe)
 15345 | Lair:3   | Killed Killazer's ghost
 16303 | Lair:4   | Found a hole to the Spider Nest.
 16341 | Lair:4   | Received a gift from Trog
 16349 | Lair:4   | Reached XP level 15. HP: 61/72 MP: 16/16
 16765 | Lair:4   | Found a hazy altar of Hepliaklqana.
 17340 | Lair:5   | Found a staircase to the Slime Pits.
 17340 | Lair:5   | Found a viscous altar of Jiyva.
 17520 | Lair:5   | Reached skill level 14 in Short Blades
 18024 | Lair:6   | Entered Level 6 of the Lair of Beasts
 18250 | Lair:6   | Received a gift from Trog
 18951 | Lair:6   | Found a large runed door.
 18951 | Lair:6   | Found a large runed door.
 19409 | Orc:1    | Entered Level 1 of the Orcish Mines
 19409 | Orc:1    | Noticed Urug
 19459 | D:9      | Killed Urug
 19502 | Orc:1    | Found a radiant altar of Vehumet.
 19543 | Orc:1    | Found a dark tunnel.
 19547 | Volcano  | Entered a volcano
 19674 | Volcano  | Found a radiant altar of Vehumet.
 19763 | Volcano  | Reached ****** piety under Trog
 20326 | Orc:2    | Entered Level 2 of the Orcish Mines
 20373 | Orc:2    | Found a staircase to the Elven Halls.
 20552 | Orc:2    | Received a gift from Trog
 20682 | Orc:2    | Found Hima's Magic Scroll Shop.
 20685 | Orc:2    | Found Mewnom's Distillery.
 20908 | Orc:2    | Bought a scroll of brand weapon for 320 gold pieces
 20910 | Orc:2    | Bought a potion of brilliance for 72 gold pieces
 20910 | Orc:2    | Bought a potion of resistance for 180 gold pieces
 21018 | Orc:2    | Received a gift from Trog
 21486 | Orc:2    | Reached XP level 16. HP: 59/77 MP: 17/17
 21627 | Orc:2    | Found Lehobeju's Book Shoppe.
 21627 | Orc:2    | Found Syudop's Antique Weapon Emporium.
 21628 | Orc:2    | Found a one-way gate leading to the halls of Pandemonium.
 22002 | Shoals:1 | Entered Level 1 of the Shoals
 22016 | Shoals:1 | Reached skill level 15 in Short Blades
 23063 | Shoals:2 | Received a gift from Trog
 23175 | Shoals:2 | Found Yreavipe's Distillery.
 23208 | Shoals:2 | Reached skill level 1 in Stealth
 23502 | Shoals:2 | Noticed a kraken
 23802 | Shoals:3 | Killed from afar by a merfolk aquamancer

Skill      XL: |  1  2  3  4  5  6  7  8  9 10 11 12 13 14 15 16 |
---------------+-------------------------------------------------+-----
Short Blades   | 3 4 5 7 8 10 11 12 13 14 15 | 15.4
Armour         | 2 3 4 5 6 7 8 10 11 12 13 | 13.2
Fighting       | 3 4 5 6 7 8 9 10 | 10.4
Dodging        | 2 3 5 6 7 8 9 10 11 12 | 12.7
Stealth        | 3 |  3.5

Action                   |  1- 3 |  4- 6 |  7- 9 | 10-12 | 13-15 | 16-18 || total
-------------------------+-------+-------+-------+-------+-------+-------++-------
Melee: Short sword       |    99 |   148 |   290 |    77 |       |       ||   614
       Bite              |    23 |    55 |   154 |   355 |  1007 |   281 ||  1875
       Long sword        |       |       |    74 |       |       |       ||    74
       Quick blade       |       |       |       |   791 |  2016 |   565 ||  3372
Invok: Berserk           |     1 |     2 |     7 |    14 |    15 |     5 ||    44
       Trog's Hand       |       |       |       |     1 |     4 |     2 ||     7
       Brothers in Arms  |       |       |       |       |     1 |     2 ||     3
Evoke: Wand              |       |       |       |     2 |     2 |       ||     4
  Use: Scroll            |       |       |    24 |     6 |    12 |     5 ||    47
       Potion            |       |       |       |       |       |     2 ||     2
 Stab: Sleeping          |     1 |       |       |       |       |       ||     1
  Eat: Chunk             |     2 |     8 |    17 |    32 |    60 |    14 ||   133
       Beef jerky        |       |       |     1 |       |     1 |       ||     2
Armor: Animal skin       |     4 |       |       |       |       |       ||     4
       Ring mail         |    24 |    30 |       |       |       |       ||    54
       Chain mail        |       |     2 |   144 |   188 |    56 |   143 ||   533
       Scale mail        |       |       |       |     7 |   287 |       ||   294
Dodge: Dodged            |    56 |    77 |   132 |   252 |   686 |   230 ||  1433
       Rpst.: Long sword |       |       |     6 |       |       |       ||     6
